 Dungeon Crawl Stone Soup version 0.27-a0-1139-g28e009f8a6 (webtiles) character file.

Game seed: 3960496916353090810

12341 siradein the Severer (level 11, -4/94 HPs)
             Began as a Minotaur Gladiator on May 7, 2021.
             Was a Priest of Nemelex Xobeh.
             Slain by an eight-headed hydra (9 damage)
             ... on level 1 of the Lair of Beasts.
             The game lasted 00:58:39 (14332 turns).

siradein the Severer (Minotaur Gladiator)          Turns: 14332, Time: 00:58:39

Health: -4/94      AC:  8    Str: 26    XL:     11   Next: 61%
Magic:  0/14       EV: 17    Int:  5    God:    Nemelex Xobeh [***...]
Gold:   768        SH:  9    Dex: 20    Spells: 10/10 levels left

rFire    . . .     SeeInvis .   o - +3 war axe (distort)
rCold    . . .     Faith    .   P - +2 buckler
rNeg     . . .     Spirit   +   b - +0 leather armour
rPois    .         Reflect  .   t - +2 hat
rElec    .         Harm     .   (no cloak)
rCorr    .         Rampage  .   C - +2 pair of gloves
Will     .....                  (no boots)
Stlth    +.........             H - amulet of guardian spirit
HPRegen  0.25/turn              J - +6 ring of dexterity
MPRegen  0.14/turn              U - +6 ring of strength

@: no status effects
A: horns 2, retaliatory headbutt
a: Renounce Religion, Draw Escape, Draw Destruction, Draw Summoning, Triple Draw


You were on level 1 of the Lair of Beasts.
You worshipped Nemelex Xobeh.
Nemelex Xobeh was most pleased with you.
You visited 3 branches of the dungeon, and saw 13 of its levels.

You collected 806 gold pieces.
You spent 38 gold pieces at shops.

Inventory:

Hand Weapons
 o - a +3 war axe of distortion (weapon)
 y - a +2 whip of electrocution
 Q - the +9 dagger of Haff {freeze, Str+3}
   (You found it on level 9 of the Dungeon)

   It has been specially enchanted to freeze those struck by it, causing extra
   injury to most foes and up to half again as much damage against particularly
   susceptible opponents.
   It can also slow down cold-blooded creatures.
   It affects your strength (+3).
Missiles
 d - 3 throwing nets (quivered)
 j - 9 curare-tipped darts
 A - 5 boomerangs of dispersal
Armour
 b - a +0 leather armour (worn)
 t - a +2 hat (worn)
 C - a +2 pair of gloves (worn)
 P - a +2 buckler (worn)
Jewellery
 v - a ring of fire
 H - an amulet of guardian spirit (around neck)
 J - a +6 ring of dexterity (left hand)
 K - a ring of protection from fire
 T - a ring of resist corrosion
 U - a +6 ring of strength (right hand)
Wands
 n - a wand of acid (15)
 p - a wand of iceblast (36)
 E - a wand of charming (4)
 F - a wand of flame (37)
 M - a wand of polymorph (5)
 R - a wand of mindburst (15)
Scrolls
 a - 2 scrolls of enchant armour
 c - 2 scrolls of acquirement {unknown}
 e - 2 scrolls of blinking {unknown}
 f - 3 scrolls of magic mapping
 h - 2 scrolls of amnesia {unknown}
 i - 2 scrolls of teleportation {unknown}
 l - 3 scrolls of enchant weapon {unknown}
 r - 2 scrolls of noise {unknown}
 s - a scroll of fog {unknown}
 w - 4 scrolls of vulnerability {unknown}
 L - a scroll of torment {unknown}
 N - 2 scrolls of immolation {unknown}
 O - a scroll of holy word {unknown}
Potions
 g - 3 potions of brilliance
 k - 3 potions of haste
 m - a potion of might
 q - 3 potions of cancellation
 u - 2 potions of lignification
 x - 5 potions of heal wounds
 z - 5 potions of curing
 B - a potion of ambrosia
 D - a potion of mutation
 G - 2 potions of attraction
 I - a potion of berserk rage


   Skills:
 + Level 7.9 Fighting
 - Level 16.0 Axes
 - Level 2.0 Throwing
 + Level 7.6 Dodging
 + Level 7.3 Shields
 + Level 6.1 Invocations


You had 10 spell levels left.
You didn't know any spells.
Your spell library contained the following spells:

 Spells                   Type           Power      Damage    Failure   Level
 Magic Dart               Conj           0%         1d3       52%         1
 Sting                    Tmut/Pois      0%         1d3       52%         1
 Blink                    Tloc           N/A        N/A       67%         2
 Call Imp                 Summ           0%         N/A       67%         2
 Poisonous Vapours        Pois/Air       0%         N/A       67%         2
 Slow                     Hex            0%         N/A       67%         2
 Confusing Touch          Hex            0%         N/A       88%         3
 Conjure Flame            Conj/Fire      0%         6-21      88%         3
 Gell's Gravitas          Tloc           0%         N/A       88%         3
 Ignite Poison            Fire/Tmut/Pois 0%         N/A       88%         3
 Mephitic Cloud           Conj/Pois/Air  0%         N/A       88%         3
 Olgreb's Toxic Radiance  Pois           0%         N/A       99%         4
 Petrify                  Tmut/Erth      0%         N/A       99%         4
 Metabolic Englaciation   Hex/Ice        0%         N/A       100%        5
 Yara's Violent Unravell  Hex/Tmut       0%         3d3       100%        5


Dungeon Overview and Level Annotations

Branches:
Dungeon (11/15)            Temple (1/1) D:4            Lair (1/6) D:11
    Orc (0/2) D:9

Altars:
Ashenzari
Cheibriados
Dithmenos
Elyvilon
Fedhas
Gozag
Hepliaklqana
Kikubaaqudgha
Makhleb
Nemelex Xobeh
Okawaru
Qazlal
Ru
Sif Muna
Trog
Uskayaw
Vehumet
Wu Jian
Xom
Yredelemnul
Zin
The Shining One

Shops:
D:3 ?   D:5 [   D:11 !

Annotations:
Lair:1 3 runed translucent doors, math4jedi's ghost, novice MiBe
Abyss:1 Blork the orc, Maggie


Innate Abilities, Weirdness & Mutations

You have a pair of horns on your head.
You reflexively headbutt those who attack you in melee.


Message History

You headbutt the eight-headed hydra!
The eight-headed hydra is almost dead.
You block the eight-headed hydra's attack.
The eight-headed hydra completely misses you.
You block the eight-headed hydra's attack.
The eight-headed hydra bites you! x2
The eight-headed hydra completely misses you.
The eight-headed hydra misses you.
The eight-headed hydra closely misses you.
You barely miss the eight-headed hydra.
The eight-headed hydra is almost dead.
The eight-headed hydra bites you!
The eight-headed hydra bites you but does no damage.
You block the eight-headed hydra's attack.
The eight-headed hydra bites you but does no damage.
The eight-headed hydra bites you! The eight-headed hydra misses you.
The eight-headed hydra bites you!
You block the eight-headed hydra's attack.
You draw a card...
You have drawn the Cloud.
Clouds appear around you! The eight-headed hydra bites you!
The eight-headed hydra bites you.
* * * LOW HITPOINT WARNING * * *
You block the eight-headed hydra's attack.
The eight-headed hydra bites you.
* * * LOW HITPOINT WARNING * * *
The eight-headed hydra bites you!
* * * LOW HITPOINT WARNING * * *
The eight-headed hydra bites you!
* * * LOW HITPOINT WARNING * * *
The eight-headed hydra misses you.
The eight-headed hydra bites you but does no damage.
You draw a card...
You have drawn Exile.
The eight-headed hydra misses you. You furiously retaliate!
You headbutt the eight-headed hydra. The eight-headed hydra bites you.
* * * LOW HITPOINT WARNING * * *
You block the eight-headed hydra's attack. x2
The eight-headed hydra misses you.
The eight-headed hydra barely misses you.
The eight-headed hydra bites you!
You die...
Your body glows slightly and disappears.

##........##....#
#...####.#.....##
#...#.#.###.....#######
#..............#.##...#
#................#J...J
#................+JJJJ!
#................+J.J.=
##...(............+WJJ.$
#P........§@....<.#JJ...
#...P####§§D§.....##..J#
##..#######§§§..#.## ###
#..##... #§§...###
#..##...##.....#
#..##..>.......#
#..##...##.....#
#..##... #.....#
#...+... #.....#


You could see an eight-headed hydra.

Vanquished Creatures
  Erolcha (D:11)
  2 two-headed ogres
  Joseph (D:10)
  A komodo dragon (D:11)
  A troll (D:11)
  2 hornets
  Prince Ribbit (D:6)
  21 yaks
  A shadow (D:9)
  2 wyverns
  3 wraiths (D:11)
  2 vampire mosquitoes (D:10)
  A steam dragon (D:9)
  Edmund (D:6)
  An acid dragon (D:11)
  6 orc warriors
  An ice beast (D:6)
  A black bear (D:11)
  An ogre (D:3)
  A sky beast (D:7)
  2 centaurs
  2 bullfrogs
  A gnoll sergeant (D:8)
  A scorpion (D:11)
  2 wyvern zombies (D:7)
  A wyvern skeleton (D:4)
  4 killer bees (D:10)
  A howler monkey (D:7)
  A jelly (D:4)
  A lava snake (D:11)
  4 centaur zombies
  8 orc priests
  A bullfrog zombie (D:5)
  A bullfrog skeleton (D:6)
  2 hounds
  2 iguanas
  13 orc wizards
  Ijyb (D:4)
  A scorpion zombie (D:5)
  3 howler monkey zombies
  7 gnolls
  3 adders
  A howler monkey skeleton (D:7)
  3 white imps
  2 worms
  6 dart slugs
  57 orcs
  2 bats
  4 endoplasms
  4 giant cockroaches
  13 goblins
  5 hobgoblins
  4 jackals
  8 quokkas
  7 ball pythons
  10 frilled lizards
  6 kobolds
  7 rats
252 creatures vanquished.

Vanquished Creatures (others)
  A yak (D:9)
  18 fungi (D:11)
  25 plants
44 creatures vanquished.

Grand Total: 296 creatures vanquished

Notes
Turn   | Place    | Note
-------+----------+-------------------------------------------
     0 | D:1      | siradein the Minotaur Gladiator began the quest for the
                  | Orb.
     0 | D:1      | Reached XP level 1. HP: 18/18 MP: 0/0
   223 | D:1      | Reached skill level 4 in Axes
   364 | D:1      | Reached XP level 2. HP: 25/25 MP: 1/1
   553 | D:1      | Reached skill level 5 in Axes
   561 | D:1      | Reached XP level 3. HP: 23/30 MP: 2/2
   860 | D:1      | Found a faded altar of an unknown god.
   947 | D:2      | Reached skill level 6 in Axes
   947 | D:2      | Reached XP level 4. HP: 14/37 MP: 3/3
  1679 | D:2      | Found a snail-covered altar of Cheibriados.
  2103 | D:3      | You fall into a shaft and drop 3 floors!
  2108 | D:6      | Noticed an ice beast
  2120 | D:5      | Entered Level 5 of the Dungeon
  2156 | D:5      | Reached skill level 7 in Axes
  2156 | D:5      | Reached XP level 5. HP: 22/42 MP: 4/4
  2589 | D:3      | Upgraded the game from 0.27-a0-1137-g3ef0f4ec91 to
                  | 0.27-a0-1139-g28e009f8a6
  2599 | D:3      | Found Xoedgh's Magic Scroll Emporium.
  3039 | D:3      | Bought a scroll of magic mapping for 38 gold pieces
  3060 | D:4      | Noticed an ogre
  3326 | D:4      | Reached skill level 8 in Axes
  3326 | D:4      | Reached XP level 6. HP: 19/50 MP: 5/5
  3751 | D:4      | Noticed Ijyb
  3761 | D:4      | Killed Ijyb
  3929 | D:4      | Found a staircase to the Ecumenical Temple.
  4058 | D:4      | Reached skill level 9 in Axes
  4134 | Temple   | Entered the Ecumenical Temple
  4681 | D:4      | Found a glowing silver altar of Zin.
  4685 | D:4      | Noticed an angel
  4692 | D:4      | Found a shimmering altar of Xom.
  4900 | D:5      | Found Balast's Antique Armour Boutique.
  5266 | D:5      | Reached XP level 7. HP: 45/56 MP: 6/6
  5624 | D:5      | Reached skill level 10 in Axes
  6017 | D:6      | Noticed Edmund
  6029 | D:6      | Killed Edmund
  6034 | D:6      | Reached skill level 11 in Axes
  6310 | D:6      | Reached XP level 8. HP: 29/62 MP: 7/7
  6542 | D:6      | Noticed Blork the orc
  6550 | D:6      | Banished Blork the orc
  6766 | D:6      | Reached skill level 12 in Axes
  6814 | D:6      | Noticed Prince Ribbit
  6824 | D:6      | Killed Prince Ribbit
  7159 | D:7      | Noticed a hornet
  7161 | D:7      | Paralysed by a hornet for 1 turns
  7172 | D:7      | Killed a hornet
  7173 | D:7      | Reached skill level 13 in Axes
  7493 | D:7      | Found a bloodstained altar of Trog.
  7667 | D:7      | Reached XP level 9. HP: 68/68 MP: 8/8
  7693 | D:7      | Found a sparkling altar of Nemelex Xobeh.
  7695 | D:7      | Found a glowing golden altar of the Shining One.
  7696 | D:7      | Found a hazy altar of Hepliaklqana.
  7703 | D:7      | Became a worshipper of Nemelex Xobeh the Trickster
  8270 | D:3      | Reached skill level 14 in Axes
  8715 | D:8      | Reached * piety under Nemelex Xobeh
  8791 | D:8      | Received a gift from Nemelex Xobeh
  9549 | D:8      | Reached ** piety under Nemelex Xobeh
  9898 | D:9      | Noticed a two-headed ogre
  9964 | D:9      | Found a staircase to the Orcish Mines.
 10124 | D:9      | Reached skill level 15 in Axes
 10147 | D:9      | Reached skill level 16 in Axes
 10149 | D:9      | Reached skill level 1 in Shields
 10159 | D:9      | Reached skill level 1 in Invocations
 10299 | D:9      | Killed a two-headed ogre
 10300 | D:9      | Reached XP level 10. HP: 78/78 MP: 8/10
 10333 | D:9      | Received a gift from Nemelex Xobeh
 10360 | D:9      | Identified the +9 dagger of Haff {freeze, Str+3}
 10405 | D:9      | Reached skill level 5 in Dodging
 10655 | D:9      | Reached skill level 5 in Fighting
 10879 | D:9      | Reached skill level 5 in Shields
 11093 | D:10     | Entered Level 10 of the Dungeon
 11115 | D:10     | Noticed Maggie
 11120 | D:10     | Banished Maggie
 11626 | D:10     | Found an iron altar of Okawaru.
 11806 | D:10     | Noticed Joseph
 11838 | D:10     | Killed Joseph
 11839 | D:10     | Reached XP level 11. HP: 75/90 MP: 10/13
 11948 | D:10     | Received a gift from Nemelex Xobeh
 12799 | D:11     | Found Ysimibena's Distillery.
 12813 | D:11     | Reached *** piety under Nemelex Xobeh
 12908 | D:11     | Reached skill level 5 in Invocations
 13059 | D:11     | Noticed Erolcha
 13071 | D:11     | Killed Erolcha
 13402 | D:11     | Noticed a two-headed ogre
 13407 | D:11     | Killed a two-headed ogre
 13645 | D:11     | Found a staircase to the Lair.
 13686 | D:11     | Received a gift from Nemelex Xobeh
 14249 | Lair:1   | Entered Level 1 of the Lair of Beasts
 14249 | Lair:1   | Found a runed translucent gate.
 14249 | Lair:1   | Found a runed translucent gate.
 14249 | Lair:1   | Found a runed translucent gate.
 14249 | Lair:1   | Noticed math4jedi's ghost (novice MiBe)
 14249 | Lair:1   | Noticed a quicksilver ooze
 14318 | Lair:1   | Noticed a five-headed hydra
 14332 | Lair:1   | Slain by an eight-headed hydra

Illustrated notes

Levels and vault maps discovered:
D:1:      tarquinn_simple_flora_water_c, layout_rooms,
          hellmonk_ecumenical_altar_lost_god, minmay_tromino_v7
D:2:      cheibrodos_greedy_goblins, layout_rooms, basic_altar
D:3:      layout_basic, serial_shops, shop, grunt_ministairs_13
D:4:      layout_gridville, grunt_temple_overflow_order_and_chaos_1,
          minmay_temple_entry_fiery, portal_sewer_entry_f,
          amcnicky_mini_pool_small, uniq_ijyb
D:5:      minmay_spotlight, layout_rooms, serial_shops, nicolae_shop_crystal,
          serial_co_window_serial, co_window_paths_a, co_window_corner_a,
          co_window_corner_a, co_window_corner_a, co_window_corner_a,
          co_window_corner_b, co_window_2corner, co_window_2corner,
          co_window_cross_4, co_window_broadway_b, co_window_unsneaky_path_d,
          glass_columns_a
D:6:      layout_basic, uniq_edmund, uniq_blork_the_orc, uniq_prince_ribbit1
D:7:      layout_loops_ring, bloody_trog, gammafunk_temple_overflow_claw,
          minmay_splitting_lines, nrook_loot_triangle
D:8:      layout_layer_cave
D:9:      layout_loops_ring, orc_0_dummy
D:10:     layout_loops_corners, overflow_temple_1_default, special_room
          [special_room_orc], dk_noncrumbling_2, uniq_joseph, uniq_maggie
D:11:     layout_roguey, grunt_lair_entry_orc_guard_hut, serial_shops,
          shop_fountains, kennysheep_flooded_box, item_on_display_a,
          uniq_erolcha
Temple:   regret_index_temple_generic_petals
Lair:1:   layout_regular_city, gammafunk_ghost_ooze, grunt_megastairs_2

Skill      XL: |  1  2  3  4  5  6  7  8  9 10 11 |
---------------+----------------------------------+-----
Axes           | 4 5 6 7 8 9 11 13 16 | 16.0
Shields        | 2 5 7 |  7.3
Invocations    | 2 4 6 |  6.1
Fighting       | 3 6 7 |  7.9
Dodging        | 4 6 7 |  7.6
Throwing       | |  2.0

Action                   |  1- 3 |  4- 6 |  7- 9 | 10-12 || total
-------------------------+-------+-------+-------+-------++-------
Melee: War axe           |    64 |   108 |   177 |   213 ||   562
       Headbutt          |     7 |    13 |    52 |    57 ||   129
Invok: Draw Escape       |       |       |       |     2 ||     2
       Triple Draw       |       |       |       |     1 ||     1
       Draw Destruction  |       |       |       |     1 ||     1
  Use: Scroll            |       |     7 |     3 |     4 ||    14
       Potion            |       |     1 |       |       ||     1
 Stab: Sleeping          |       |     2 |     1 |     1 ||     4
       Distracted        |       |       |     1 |       ||     1
Armor: Leather armour    |    20 |    24 |    22 |    22 ||    88
Dodge: Dodged            |    46 |    62 |    66 |    64 ||   238
Block: Buckler           |       |    12 |    25 |    63 ||   100

Table legend: (Time is in decaauts)
 A = Elapsed time spent in this place.
 B = Non-inter-level travel time spent in this place.
 C = Inter-level travel time spent in this place.
 D = Time resting spent in this place.
 E = Time spent auto-exploring this place.
 F = Levels seen in this place.
 G = Mean time per level.
                   A        B        C        D        E       F      G
               +--------+--------+--------+--------+--------+-----+--------+
         Total |  14321 |  13537 |    784 |   1720 |   9956 |  13 | 1101.6 |
       Dungeon |  13994 |  13212 |    782 |   1720 |   9686 |  11 | 1272.2 |
        Temple |    246 |    246 |      0 |      0 |    209 |   1 |  246.0 |
          Lair |     80 |     80 |      0 |      0 |     61 |   1 |   80.0 |
               +--------+--------+--------+--------+--------+-----+--------+

Top non-repeatable levels by time:
     D:8: 1718 daAuts
     D:5: 1440 daAuts
    D:11: 1430 daAuts
     D:4: 1419 daAuts
    D:10: 1397 daAuts
     D:3: 1338 daAuts
     D:9: 1261 daAuts
     D:7: 1146 daAuts
     D:6: 1051 daAuts
     D:1: 1007 daAuts
     D:2: 782 daAuts
  Temple: 246 daAuts
  Lair:1: 80 daAuts
